 Dungeon Crawl Stone Soup version 0.30-a0-465-g8901f6c8b5 (webtiles) character file.

Game seed: 16278941107560634828

23620 cheesebisquit the Cleaver (level 12, 0/115 HPs)
             Began as a Minotaur Berserker on Dec 17, 2022.
             Was a High Priest of Trog.
             Slain by a troll (10 damage)
             ... on level 13 of the Dungeon on Dec 18, 2022.
             The game lasted 00:51:54 (12012 turns).

cheesebisquit the Cleaver (Minotaur Berserker)     Turns: 12012, Time: 00:51:55

Health: 0/115      AC: 25    Str: 27    XL:     12   Next: 73%
Magic:  20/20      EV: 11    Int:  4    God:    Trog [*****.]
Gold:   948        SH:  0    Dex: 10    Spells: 11/11 levels left

rFire   . . .      SeeInvis .    a - +5 battleaxe
rCold   . . .      Faith    .    (shield currently unavailable)
rNeg    . . .      Spirit   .    l - +0 plate armour
rPois   .          Reflect  .    (helmet restricted)
rElec   .          Harm     .    j - +1 cloak
rCorr   .          Rampage  +    D - +0 pair of gloves
Will    ++...                    o - +0 pair of boots {rampage}
Stlth   ..........               N - amulet of the acrobat
HPRegen 1.39/turn                t - +4 ring of protection
MPRegen 0.17/turn                c - ring of magical power

@: strong-willed, on berserk cooldown, regenerating, slowed, very slow
A: horns 2, retaliatory headbutt
a: Renounce Religion, Berserk, Trog's Hand, Brothers in Arms


You were on level 13 of the Dungeon.
You worshipped Trog.
Trog was extremely pleased with you.
You visited 1 branch of the dungeon, and saw 14 of its levels.
You also visited: Ossuary.

You collected 948 gold pieces.

Inventory:

Hand Weapons
 a - a +5 battleaxe (weapon)
 b - a +0 sling
 H - a +5 war axe
Missiles
 g - 75 stones (quivered)
 C - 4 poisoned darts
 F - a throwing net
Armour
 j - a +1 cloak (worn)
 l - a +0 plate armour (worn)
 o - a +0 pair of boots of rampaging (worn)
 D - a +0 pair of gloves (worn)
Jewellery
 c - a ring of magical power (right hand)
 t - a +4 ring of protection (left hand)
 N - an amulet of the acrobat (around neck)
Wands
 w - a wand of flame (42)
 z - a wand of roots (20)
 E - a wand of charming (5)
 O - a wand of digging (5)
 P - a wand of light (7)
Scrolls
 e - 6 scrolls of teleportation
 f - 2 scrolls of blinking
 k - 2 scrolls of magic mapping
 m - 3 scrolls of poison
 p - a scroll of acquirement {unknown}
 r - 4 scrolls of immolation {unknown}
 u - a scroll of enchant armour
 y - 2 scrolls of vulnerability
 I - 2 scrolls of fear
 L - a scroll of noise {unknown}
 M - a scroll of fog {unknown}
Potions
 h - a potion of resistance
 i - a potion of haste
 n - 2 potions of lignification
 q - 2 potions of cancellation
 s - a potion of might
 v - 5 potions of mutation
 x - 9 potions of curing
 A - a potion of invisibility
 B - a potion of attraction
 G - a potion of ambrosia
 K - a potion of flight
Miscellaneous
 J - a box of beasts


   Skills:
 + Level 13.4 Fighting
 + Level 13.4 Axes
 + Level 13.1 Armour
 + Level 12.1 Dodging


You had 11 spell levels left.
You didn't know any spells.
Your spell library was empty.

Dungeon Overview and Level Annotations

Branches:
Dungeon (14/15)            Temple (0/1) D:5            Lair (0/5) D:9
    Orc (0/2) D:10        Ossuary (visited)
 Vaults: D:13-14

Altars:
Dithmenos
Gozag
Hepliaklqana
Kikubaaqudgha
Makhleb
Nemelex Xobeh
Uskayaw
Vehumet
Yredelemnul
Zin

Shops:
D:1 *(((   D:7 (   D:9 *   D:12 *


Innate Abilities, Weirdness & Mutations

You have a pair of horns on your head.
You reflexively headbutt those who attack you in melee.


Message History

You kill the cyclops!
Trog accepts your kill.
You hit the troll. The troll bites you but does no damage. The troll claws you.
* * * LOW HITPOINT WARNING * * *
The troll claws you but does no damage. The troll barely misses you.
The troll claws you but does no damage. x2
You hit the troll. Your headbutt misses the troll.
The troll is heavily wounded.
The troll closely misses you. The troll claws you.
* * * LOW HITPOINT WARNING * * *
The troll claws you but does no damage.
You slash the troll!
The troll is severely wounded.
The troll barely misses you. x2; The troll closely misses you.
The troll bites you.
* * * LOW HITPOINT WARNING * * *
The troll claws you but does no damage. The troll claws you!
* * * LOW HITPOINT WARNING * * *
Okay, then.
Blink to where?
Press: ? - help, Dir - move target
As you read the scroll of blinking, it crumbles to dust.
You climb downwards.
There is a stone staircase leading up here.
The manticore barely misses you. x2
The manticore claws you but does no damage.
You climb upwards.
The troll bites you but does no damage. The troll claws you!
* * * LOW HITPOINT WARNING * * *
The troll claws you but does no damage. The troll bites you but does no damage.
The troll closely misses you. The troll completely misses you.
There is a stone staircase leading down, spattered with blood here.
The troll barely misses you. The troll claws you.
* * * LOW HITPOINT WARNING * * *
The troll claws you but does no damage. The manticore barely misses you.
The manticore claws you.
* * * LOW HITPOINT WARNING * * *
The manticore claws you but does no damage.
The troll bites you but does no damage. The troll claws you but does no damage.
The troll claws you!
You die...

.'.###........
#≈≈≈#...#.......
.#..##########
#########.......
.##..###########
#..<####
.####.......)..#
##### ##
#######.####
#...).#
###'##########
####...)......H.#
#..'.†.†.......@#
#..##..........T.#
#. #........)...#
## #............#
#.+
#............##..#
#...†........)(..#
#............#.#.#
####'#########...#
#.# ##..#


You could see a manticore and a troll.

Vanquished Creatures
  Snorg (D:12)
  2 boulder beetles (D:11)
  2 centaur warriors (D:13)
  2 two-headed ogres
  Amaemon (D:10)
  Lodul (D:12)
  Pikel (D:5)
  3 ugly things
  A deep elf pyromancer (D:13)
  3 cyclopes
  2 manticores (D:12)
  An orange demon (D:10)
  A gargoyle (D:12)
  2 kobold demonologists (D:11)
  4 trolls
  3 shadows
  Sigmund (D:6)
  A wyvern (D:9)
  25 yaks
  Eustachio (D:6)
  A human (D:3)
  3 basilisks
  2 steam dragons
  A warg (D:10)
  Menkaure (D:6)
  8 vampire mosquitoes
  Edmund (D:6)
  An acid dragon (D:12)
  A water moccasin (D:6)
  6 orc warriors
  2 ice beasts (D:8)
  A black bear (D:7)
  7 ogres
  12 centaurs
  A phantom (D:6)
  2 bullfrogs
  A kobold brigand (D:6)
  2 scorpions
  2 gnoll sergeants
  11 wights
  10 killer bees
  7 howler monkeys
  Crazy Yiuf (D:2)
  6 hounds
  A human zombie (D:3)
  4 jellies
  13 orc priests
  A gnoll bouda (D:8)
  2 iguanas
  12 orc wizards
  Terence (D:2)
  Natasha (thrice) (D:4)
  4 mummies (Ossuary)
  13 gnolls
  6 adders
  A white imp (D:7)
  2 ufetubi
  2 worms
  A dart slug (D:5)
  44 orcs
  10 endoplasms
  5 giant cockroaches
  3 goblins
  4 hobgoblins
  6 jackals
  10 kobolds
  A quokka (D:4)
  A ball python (D:1)
  2 frilled lizards
  4 gnoll skeletons (Ossuary)
  A gnoll zombie (Ossuary)
  4 goblin skeletons (Ossuary)
  5 goblin zombies (Ossuary)
  8 hobgoblin skeletons (Ossuary)
  5 hobgoblin zombies (Ossuary)
  3 kobold skeletons (Ossuary)
  5 kobold zombies
  5 orc skeletons (Ossuary)
  3 orc zombies (Ossuary)
  2 rats (D:1)
  A rat skeleton (Ossuary)
  7 rat zombies (Ossuary)
  A butterfly (D:5)
354 creatures vanquished.

Vanquished Creatures (others)
  4 gnolls (D:6)
4 creatures vanquished.

Grand Total: 358 creatures vanquished

Notes
Turn   | Place    | Note
-------+----------+-------------------------------------------
     0 | D:1      | cheesebisquit the Minotaur Berserker began the quest for
                  | the Orb.
     0 | D:1      | Reached XP level 1. HP: 19/19 MP: 0/0
    46 | D:1      | Reached XP level 2. HP: 15/27 MP: 1/1
   190 | D:1      | Found Tikleses's Weapon Boutique.
   263 | D:1      | Found Opnezihi's Antique Weapon Shop.
   667 | D:1      | Found Raunedgh's Weapon Shoppe.
   793 | D:1      | Reached XP level 3. HP: 33/33 MP: 2/2
   847 | D:1      | Found Esisi's Assorted Antiques.
   959 | D:2      | Noticed Terence
   962 | D:2      | Killed Terence
   997 | D:2      | Found a runed translucent door.
   998 | D:2      | Noticed Crazy Yiuf
  1272 | D:2      | Found a faded altar of an unknown god.
  1763 | D:2      | Killed Crazy Yiuf
  1764 | D:2      | Reached XP level 4. HP: 41/41 MP: 3/3
  2385 | D:3      | Found a runed translucent door.
  2385 | D:3      | Noticed a human
  2399 | D:3      | Reached XP level 5. HP: 47/47 MP: 4/4
  2399 | D:3      | Found a basalt altar of Yredelemnul.
  2522 | D:3      | Killed a human
  2523 | D:3      | Reached skill level 5 in Fighting
  2523 | D:3      | Reached skill level 5 in Axes
  2523 | D:3      | Reached XP level 6. HP: 53/56 MP: 5/5
  2629 | D:4      | Noticed Natasha
  2638 | D:4      | Killed Natasha
  2683 | D:4      | Reached ** piety under Trog
  2820 | D:4      | Found a hide-covered altar of Uskayaw.
  2844 | D:4      | Noticed Natasha
  2854 | D:4      | Killed Natasha
  2950 | D:4      | Noticed Natasha
  2961 | D:4      | Killed Natasha
  3086 | D:4      | Found an ancient bone altar of Kikubaaqudgha.
  3250 | D:4      | Reached skill level 5 in Armour
  3250 | D:4      | Reached XP level 7. HP: 62/62 MP: 6/6
  3260 | D:4      | Found a burning altar of Makhleb.
  3452 | D:5      | Entered Level 5 of the Dungeon
  3793 | D:5      | Found a staircase to the Ecumenical Temple.
  4167 | D:5      | Reached skill level 5 in Dodging
  4252 | D:6      | Noticed Pikel
  4259 | D:5      | Killed Pikel
  4260 | D:5      | Reached XP level 8. HP: 71/71 MP: 7/7
  4599 | D:6      | Reached *** piety under Trog
  4663 | D:6      | Noticed Eustachio
  4671 | D:6      | Killed Eustachio
  4678 | D:6      | Noticed Menkaure
  4684 | D:6      | Killed Menkaure
  5113 | D:6      | Noticed Sigmund
  5118 | D:6      | Killed Sigmund
  5119 | D:6      | Reached XP level 9. HP: 81/81 MP: 8/8
  5164 | D:6      | Noticed Edmund
  5183 | D:6      | Killed Edmund
  5760 | D:6      | Found a shadowy altar of Dithmenos.
  6059 | D:7      | Found a glowing silver altar of Zin.
  6436 | D:7      | Found Ytsi's Weapon Shoppe.
  6783 | D:8      | Reached XP level 10. HP: 91/91 MP: 9/9
  7139 | D:8      | Reached **** piety under Trog
  7210 | D:8      | Found a sand-covered staircase.
  7216 | Ossuary  | Entered an ossuary
  7510 | Ossuary  | Reached ***** piety under Trog
  8158 | D:8      | Found a sparkling altar of Nemelex Xobeh.
  8158 | D:8      | Found a hazy altar of Hepliaklqana.
  8274 | D:9      | Found a staircase to the Lair.
  8398 | D:9      | Reached skill level 10 in Fighting
  8410 | D:9      | Reached skill level 10 in Axes
  8418 | D:9      | Reached skill level 10 in Armour
  8483 | D:9      | Noticed a two-headed ogre
  8491 | D:9      | Killed a two-headed ogre
  8616 | D:9      | Found an opulent altar of Gozag.
  8619 | D:9      | Found Gozag's Platinum Reserve.
  8713 | D:9      | Reached XP level 11. HP: 81/101 MP: 10/10
  8885 | D:9      | Found a glowing silver altar of Zin.
  8925 | D:10     | Entered Level 10 of the Dungeon
  9009 | D:10     | Found a staircase to the Orcish Mines.
  9398 | D:10     | Reached skill level 10 in Dodging
  9449 | D:10     | Noticed Amaemon
  9465 | D:10     | Killed Amaemon
  9541 | D:10     | Found a radiant altar of Vehumet.
  9805 | D:11     | Noticed a boulder beetle
  9834 | D:11     | Killed a boulder beetle
  9965 | D:11     | Noticed a boulder beetle
  9984 | D:11     | Killed a boulder beetle
 10212 | D:11     | Noticed a cyan ugly thing
 10218 | D:11     | Killed a cyan ugly thing
 10320 | D:11     | Noticed a sixfirhy
 10356 | D:11     | Noticed a two-headed ogre
 10364 | D:11     | Killed a two-headed ogre
 10581 | D:12     | Reached XP level 12. HP: 110/113 MP: 11/11
 11012 | D:12     | Found Asukoeh's Assorted Antiques.
 11022 | D:12     | Noticed Snorg
 11029 | D:12     | Killed Snorg
 11193 | D:12     | Noticed Lodul
 11205 | D:12     | Killed Lodul
 11657 | D:13     | Identified the +0 quarterstaff "Lesumajo" {freeze, *Slow
                  | rC+ Str+4 Dex+4}
 11708 | D:13     | Noticed a centaur warrior
 11714 | D:13     | Killed a centaur warrior
 11778 | D:13     | Noticed a centaur warrior
 11788 | D:13     | Killed a centaur warrior
 12012 | D:13     | Slain by a troll

Illustrated notes

Levels and vault maps discovered:
D:1:      minmay_arrival_checkered_box, layout_basic, serial_shops,
          nicolae_square_shop, shop_fountains, shop, shop, minmay_misc_feat_x,
          dreamdust_wishing_well
D:2:      layout_loops_ring, basic_ecumenical_altar, serial_rivers,
          chequers_serial_rivers_micro_a, chequers_serial_rivers_marsh,
          chequers_serial_rivers_room_a, chequers_serial_rivers_marsh,
          chequers_serial_rivers_micro_b, uniq_crazy_yiuf_cottage, uniq_terence
D:3:      layout_loops_ring, dk_yredelemnul_ordeal
D:4:      layout_gridville, nicolae_uskayaw_dance_hall,
          mainiacjoe_overflow_catwalk, lightli_temple_of_fire,
          kennysheep_generic_room_9, uniq_natasha
D:5:      layout_cave_pods, minmay_temple_entry_butterflies
D:6:      layout_loops_corners, grunt_dithmenos_shadows, minivault_26,
          lemuel_flamethrower_2, uniq_eustachio, uniq_sigmund, uniq_pikel,
          uniq_edmund, uniq_menkaure
D:7:      layout_basic, serial_shops, shop_statue, minmay_ruined_shrine
D:8:      layout_basic, gammafunk_temple_overflow_statue, enter_ossuary_2
D:9:      layout_small_grid, mainiacjoe_overflow_alcove_2,
          nicolae_gozag_zags_fifth_avenue, lair_entry_dummy
D:10:     layout_irregular_city, lemuel_crystal_altar, erik_orc_4, uniq_amaemon
D:11:     layout_basic
D:12:     layout_basic, serial_shops, nicolae_shop_stone, uniq_lodul, uniq_snorg
D:13:     layout_roguey, skrybe_vaults_entry_preservation, serial_aquarium,
          aquarium_bridge_square [aquarium_subvault_balcony,
          aquarium_subvault_bridge, aquarium_subvault_bridge,
          aquarium_subvault_window], aquarium_window_fake, aquarium_window_1,
          aquarium_window_fake, aquarium_view_2d, aquarium_balcony_5b,
          aquarium_pool_S
D:14:     evilmike_diamond_1, layout_loops_ring, serial_park_square2

Skill      XL: |  1  2  3  4  5  6  7  8  9 10 11 12 |
---------------+-------------------------------------+-----
Axes           | 4 5 7 8 9 10 12 13 | 13.4
Fighting       | 4 5 6 7 9 10 12 13 | 13.4
Armour         | 3 4 5 6 7 8 10 12 13 | 13.1
Dodging        | 3 4 5 6 8 9 11 12 | 12.1

Action                   |  1- 3 |  4- 6 |  7- 9 | 10-12 || total
-------------------------+-------+-------+-------+-------++-------
Melee: Hand axe          |    55 |       |       |       ||    55
       Headbutt          |     8 |    11 |    36 |    76 ||   131
       Punch             |     2 |     1 |       |     1 ||     4
       War axe           |     1 |    94 |   192 |    49 ||   336
       Battleaxe         |       |       |       |   386 ||   386
Invok: Berserk           |     2 |     2 |    10 |    15 ||    29
       Trog's Hand       |       |       |     4 |    10 ||    14
  Use: Scroll            |       |       |    17 |     8 ||    25
       Potion            |       |       |     3 |     3 ||     6
Armor: Chain mail        |    19 |       |       |       ||    19
       Animal skin       |     5 |       |       |       ||     5
       Plate armour      |     2 |    64 |   146 |   322 ||   534
Dodge: Dodged            |    29 |    37 |    82 |   279 ||   427

Table legend: (Time is in decaauts)
 A = Elapsed time spent in this place.
 B = Non-inter-level travel time spent in this place.
 C = Inter-level travel time spent in this place.
 D = Time resting spent in this place.
 E = Time spent auto-exploring this place.
 F = Levels seen in this place.
 G = Mean time per level.
                   A        B        C        D        E       F      G
               +--------+--------+--------+--------+--------+-----+--------+
         Total |  12392 |  11946 |    446 |    859 |   8918 |  15 |  826.1 |
       Dungeon |  12021 |  11575 |    446 |    818 |   8742 |  14 |  858.6 |
       Ossuary |    371 |    371 |      0 |     40 |    176 |   1 |  371.0 |
               +--------+--------+--------+--------+--------+-----+--------+

Top non-repeatable levels by time:
     D:6: 1685 daAuts
     D:8: 1268 daAuts
    D:12: 1093 daAuts
     D:1: 959 daAuts
     D:2: 915 daAuts
     D:4: 889 daAuts
    D:10: 873 daAuts
     D:5: 825 daAuts
    D:11: 822 daAuts
     D:7: 791 daAuts
     D:3: 778 daAuts
     D:9: 698 daAuts
    D:13: 418 daAuts
 Ossuary: 371 daAuts
    D:14: 2 daAuts
